APP
HELENA BREWERS @ CHICAGO (APP) CUBS
10/14/2044
 
TOP OF THE 1ST
Billings Mustangs batting - Pitching for Helena Brewers : RHP Ken Waggoner
Pitching: RHP Ken Waggoner
Batting: LHB Jason Fuchs 0-0: DOUBLE (Line Drive, 9LM, EV 108.1 MPH)
Batting: RHB Bastiaan Clark 0-0: Ball
Passed Ball!
Jason Fuchs to third
1-0: Called Strike
1-1: Ball
2-1: Foul Ball, location: 2F
2-2: DOUBLE (Flyball, 89D, EV 105.6 MPH)
Jason Fuchs scores
Batting: LHB Johan de Vries 0-0: Ball
1-0: Foul Ball, location: 2F
1-1: Ball
Passed Ball!
Bastiaan Clark to third
2-1: Ball
3-1: Base on Balls
Batting: RHB Brent Moody 0-0: Ball
Johan de Vries is caught stealing 2nd base 2-4
1-0: Fly out, F9 (Line Drive, 9D, EV 90.0 MPH)
Runner from 3rd tags up, SCORES, throw by RF
Batting: RHB Sal Chavira 0-0: DOUBLE (Groundball, 3L, EV 109.4 MPH)
Batting: LHB Luis Pena 0-0: SINGLE (Groundball, 6MD, EV 107.5 MPH)
Sal Chavira to third
Runner from 3rd tries for Home, SAFE, throw by CF to home
Luis Pena to second
Batting: RHB Mark MacLeod 0-0: Fly out, F8 (Flyball, 8LXD, EV 79.4 MPH)
Top of the 1st over - 3 runs, 4 hits, 0 errors, 1 left on base; Billings 3 - Helena 0
BOTTOM OF THE 1ST
Helena Brewers batting - Pitching for Billings Mustangs : LHP Alex Villagran
Pitching: LHP Alex Villagran
Batting: RHB Kevin Wyche 0-0: Bunted foul
0-1: Ball
1-1: Fly out, F3 (Popup, 23F, EV 50.0 MPH)
Batting: LHB Tatsuyoshi Kaji 0-0: Ball
1-0: Swinging Strike
1-1: Called Strike
1-2: Foul Ball, location: 2F
1-2: Foul Ball, location: 2F
1-2: SINGLE (Groundball, 34D, EV 99.4 MPH)
Batting: RHB Ricky Wiernik 0-0: Ball
1-0: Called Strike
1-1: Ball
2-1: Called Strike
2-2: Foul Ball, location: 2F
2-2: DOUBLE (Flyball, 8RXD, EV 100.0 MPH)
Tatsuyoshi Kaji to third
Batting: RHB Jorge Nunez 0-0: Fly out, F8 (Flyball, 89M, EV 85.6 MPH)
Runner from 3rd tags up, OUT at HOME! 8-2
Bottom of the 1st over - 0 runs, 2 hits, 0 errors, 1 left on base; Billings 3 - Helena 0
TOP OF THE 2ND
Billings Mustangs batting - Pitching for Helena Brewers : RHP Ken Waggoner
Batting: RHB Jorge Olmos 0-0: Called Strike
0-1: Ball
1-1: SINGLE (Groundball, 6MD, EV 105.6 MPH)
Batting: LHB Alex Villagran 0-0: Ball
1-0: Bunt missed!
1-1: Sac Bunt to 3S - play at first, batter OUT! 3-4
Jorge Olmos to second
Batting: LHB Jason Fuchs 0-0: Ball
Passed Ball!
Jorge Olmos to third
1-0: Fly out, F8 (Line Drive, 8RM, EV 90.0 MPH)
Runner from 3rd tags up, SCORES, throw by CF
Batting: RHB Bastiaan Clark 0-0: Ball
1-0: Ground out 4-3 (Groundball, 34, EV 80.0 MPH)
Top of the 2nd over - 1 run, 1 hit, 0 errors, 0 left on base; Billings 4 - Helena 0
BOTTOM OF THE 2ND
Helena Brewers batting - Pitching for Billings Mustangs : LHP Alex Villagran
Batting: SHB Martin Madsen 0-0: Ball
1-0: Foul Ball, location: 2F
1-1: Ball
2-1: Ball
3-1: Base on Balls
Batting: RHB John O'Hearn 0-0: Ground out 5-3 (Groundball, 56S, EV 66.3 MPH)
Martin Madsen to second
Batting: LHB Tony Howard 0-0: Ball
1-0: Foul Ball, location: 2F
1-1: Ball
2-1: Ground out U3 (Groundball, 3, EV 81.9 MPH)
Martin Madsen to third
Batting: RHB Juan Alvarez 0-0: Ball
1-0: Foul Ball, location: 2F
1-1: Swinging Strike
1-2: Ground out 5-3 (Groundball, 56S, EV 91.3 MPH)
Bottom of the 2nd over - 0 runs, 0 hits, 0 errors, 1 left on base; Billings 4 - Helena 0
TOP OF THE 3RD
Billings Mustangs batting - Pitching for Helena Brewers : RHP Ken Waggoner
Batting: LHB Johan de Vries 0-0: Called Strike
0-1: Ball
1-1: Ball
2-1: Ball
3-1: Foul Ball, location: 2F
3-2: SINGLE (Flyball, 9LM, EV 96.9 MPH)
Batting: RHB Brent Moody 0-0: Foul Ball, location: 2F
0-1: Ball
1-1: Ball
2-1: Foul Ball, location: 2F
2-2: Ball
Wild Pitch!
Johan de Vries to second
3-2: Fly out, F9 (Flyball, 89M, EV 89.4 MPH)
Batting: RHB Sal Chavira 0-0: Ball
1-0: Ball
Passed Ball!
Johan de Vries to third
2-0: Called Strike
2-1: Ball
3-1: Base on Balls
Batting: LHB Luis Pena 0-0: Called Strike
Sal Chavira steals 2nd base
0-1: Swinging Strike
0-2: Ball
1-2: Reached via error on a dropped throw from 1B, E1 (Groundball, 34S, EV 86.9 MPH)
Johan de Vries scores
Sal Chavira to third
Pitching: LHP Alex Vargas
Batting: RHB Mark MacLeod 0-0: Swinging Strike
Passed Ball!
Sal Chavira scores
Luis Pena to second
0-1: Called Strike
0-2: Ground out 6-3 (Groundball, 6MS, EV 83.8 MPH)
Luis Pena to third
Batting: RHB Jorge Olmos 0-0: Ball
1-0: Ground out 1-3 (Groundball, 15S, EV 76.3 MPH)
Top of the 3rd over - 2 runs, 1 hit, 1 error, 1 left on base; Billings 6 - Helena 0
BOTTOM OF THE 3RD
Helena Brewers batting - Pitching for Billings Mustangs : LHP Alex Villagran
Batting: LHB Alex Vargas 0-0: Ball
1-0: SINGLE (Line Drive, 3D, EV 101.3 MPH)
Batting: RHB Kevin Wyche 0-0: Ball
1-0: Ball
2-0: Called Strike
2-1: Ball
3-1: Foul Ball, location: 2F
3-2: Strikes out swinging
Batting: LHB Tatsuyoshi Kaji 0-0: Ball
1-0: Foul Ball, location: 2F
1-1: Ball
2-1: Swinging Strike
2-2: Ball
3-2: Foul Ball, location: 2F
3-2: Strikes out swinging
Batting: RHB Ricky Wiernik 0-0: Fielders Choice at 2nd, 6-4 (Groundball, 56, EV 104.4 MPH)
Bottom of the 3rd over - 0 runs, 1 hit, 0 errors, 1 left on base; Billings 6 - Helena 0
TOP OF THE 4TH
Billings Mustangs batting - Pitching for Helena Brewers : LHP Alex Vargas
Batting: LHB Alex Villagran 0-0: SINGLE (Groundball, 56D, EV 101.9 MPH)
Batting: LHB Jason Fuchs 0-0: Ball
1-0: Fly out, F9 (Flyball, 9LM, EV 109.4 MPH)
Batting: RHB Bastiaan Clark 0-0: Ball
1-0: Ball
Passed Ball!
Alex Villagran to second
2-0: Ball
Wild Pitch!
Alex Villagran to third
3-0: Base on Balls
Batting: LHB Johan de Vries 0-0: Called Strike
0-1: SINGLE (Groundball, 6, EV 86.3 MPH) (infield hit)
Alex Villagran scores
Bastiaan Clark to second
Batting: RHB Brent Moody 0-0: Called Strike
0-1: Ball
1-1: Ball
2-1: Foul Ball, location: 2F
2-2: Foul Ball, location: 2F
2-2: Ball
3-2: Base on Balls
Bastiaan Clark to third
Johan de Vries to second
Batting: RHB Sal Chavira 0-0: Ball
1-0: Grounds into double play, 4-6-3 (Groundball, 4, EV 83.1 MPH)
Top of the 4th over - 1 run, 2 hits, 0 errors, 2 left on base; Billings 7 - Helena 0
BOTTOM OF THE 4TH
Helena Brewers batting - Pitching for Billings Mustangs : LHP Alex Villagran
Batting: RHB Jorge Nunez 0-0: Ball
1-0: Fly out, F7 (Flyball, 7S, EV 73.8 MPH)
Batting: SHB Martin Madsen 0-0: Ball
1-0: Called Strike
1-1: Ball
2-1: Foul Ball, location: 2F
2-2: Fly out, F9 (Line Drive, 9, EV 90.0 MPH)
Batting: RHB John O'Hearn 0-0: Swinging Strike
0-1: Called Strike
0-2: Strikes out looking
Bottom of the 4th over - 0 runs, 0 hits, 0 errors, 0 left on base; Billings 7 - Helena 0
TOP OF THE 5TH
Billings Mustangs batting - Pitching for Helena Brewers : LHP Alex Vargas
Batting: LHB Luis Pena 0-0: Ball
1-0: Called Strike
1-1: Foul Ball, location: 2F
1-2: Ground out 4-3 (Groundball, 4, EV 85.6 MPH)
Batting: RHB Mark MacLeod 0-0: Ball
1-0: Called Strike
1-1: Fly out, F9 (Line Drive, 9D, EV 86.9 MPH)
Batting: RHB Jorge Olmos 0-0: Ball
1-0: Ball
2-0: Called Strike
2-1: SINGLE (Groundball, 6MD, EV 104.4 MPH)
Batting: LHB Alex Villagran 0-0: Called Strike
0-1: Foul Ball, location: 2F
0-2: Strikes out swinging
Top of the 5th over - 0 runs, 1 hit, 0 errors, 1 left on base; Billings 7 - Helena 0
BOTTOM OF THE 5TH
Helena Brewers batting - Pitching for Billings Mustangs : LHP Alex Villagran
Batting: LHB Tony Howard 0-0: Swinging Strike
0-1: Called Strike
0-2: Ground out 5-3 (Groundball, 5, EV 87.5 MPH)
Batting: RHB Juan Alvarez 0-0: Ball
1-0: Foul Ball, location: 2F
1-1: Ball
2-1: SOLO HOME RUN (Flyball, 7LD, EV 98.1 MPH), Distance : 347 ft
Batting: LHB Alex Vargas 0-0: DOUBLE (Groundball, 3L, EV 104.4 MPH)
Batting: RHB Kevin Wyche 0-0: Ball
1-0: SINGLE (Groundball, 4MD, EV 95.6 MPH)
Alex Vargas to third
Runner from 3rd tries for Home, SAFE, throw by CF to home
Batting: LHB Tatsuyoshi Kaji 0-0: Called Strike
0-1: Ball
1-1: Ball
2-1: Foul Ball, location: 2F
2-2: Strikes out swinging
Batting: RHB Ricky Wiernik 0-0: Ball
Kevin Wyche steals 2nd base (no throw)
1-0: Ball
2-0: Called Strike
2-1: Called Strike
2-2: Fly out, F8 (Line Drive, 8LD, EV 91.9 MPH)
Bottom of the 5th over - 2 runs, 3 hits, 0 errors, 1 left on base; Billings 7 - Helena 2
TOP OF THE 6TH
Billings Mustangs batting - Pitching for Helena Brewers : LHP Alex Vargas
Batting: LHB Jason Fuchs 0-0: Called Strike
0-1: Called Strike
0-2: Foul Ball, location: 2F
0-2: DOUBLE (Groundball, 3L, EV 102.5 MPH)
Pitching: RHP Yeong-sam Pio
Batting: RHB Bastiaan Clark 0-0: Ball
1-0: Ground out 5-3 (Groundball, 56S, EV 65.0 MPH)
Jason Fuchs to third
Batting: LHB Johan de Vries 0-0: Ball
Wild Pitch!
Jason Fuchs scores
1-0: Ball
2-0: Fly out, F6 (Popup, 6, EV 56.9 MPH)
Batting: RHB Brent Moody 0-0: Ground out 6-3 (Groundball, 6M, EV 86.3 MPH)
Top of the 6th over - 1 run, 1 hit, 0 errors, 0 left on base; Billings 8 - Helena 2
BOTTOM OF THE 6TH
Helena Brewers batting - Pitching for Billings Mustangs : LHP Alex Villagran
Batting: RHB Jorge Nunez 0-0: Ball
1-0: SINGLE (Groundball, 6MD, EV 99.4 MPH)
Batting: SHB Martin Madsen 0-0: Ball
1-0: Ball
2-0: Foul Ball, location: 2F
2-1: Foul Ball, location: 2F
2-2: Ball
3-2: Foul Ball, location: 2F
3-2: Fielders Choice at 2nd, 1-4 (Groundball, 15S, EV 65.6 MPH)
Batting: RHB John O'Hearn 0-0: Called Strike
0-1: Swinging Strike
0-2: Ball
1-2: Foul Ball, location: 2F
1-2: Fly out, F7 (Flyball, 7, EV 90.0 MPH)
Batting: LHB Tony Howard 0-0: Called Strike
0-1: Ball
Martin Madsen steals 2nd base
1-1: Ball
2-1: Swinging Strike
2-2: Foul Ball, location: 2F
2-2: Strikes out swinging
Bottom of the 6th over - 0 runs, 1 hit, 0 errors, 1 left on base; Billings 8 - Helena 2
TOP OF THE 7TH
Billings Mustangs batting - Pitching for Helena Brewers : RHP Yeong-sam Pio
Batting: RHB Sal Chavira 0-0: Called Strike
0-1: Fly out, F8 (Flyball, 8RM, EV 85.6 MPH)
Batting: LHB Luis Pena 0-0: Ball
1-0: Ball
2-0: Ball
3-0: Base on Balls
Batting: RHB Mark MacLeod 0-0: Called Strike
0-1: Called Strike
0-2: 2-RUN HOME RUN (Flyball, 9D, EV 105.6 MPH), Distance : 372 ft
Batting: RHB Jorge Olmos 0-0: Ball
1-0: Ball
2-0: Ball
3-0: Base on Balls
Pinch Hitting: RHB Ivan Cervantes Pickoff Throw to First - Out! 1-3
0-0: Called Strike
0-1: Ball
1-1: Ball
2-1: Called Strike
2-2: Strikes out swinging
Top of the 7th over - 2 runs, 1 hit, 0 errors, 0 left on base; Billings 10 - Helena 2
BOTTOM OF THE 7TH
Helena Brewers batting - Pitching for Billings Mustangs : LHP Alex Villagran
Pitching: RHP Fidde van Vlaanderen
Batting: RHB Juan Alvarez 0-0: Ball
1-0: Fly out, F7 (Flyball, 78XD, EV 107.5 MPH)
Batting: RHB Yeong-sam Pio 0-0: Fly out, F4 (Line Drive, 4, EV 65.6 MPH)
Batting: RHB Kevin Wyche 0-0: DOUBLE (Line Drive, 89D, EV 105.6 MPH)
Batting: LHB Tatsuyoshi Kaji 0-0: SINGLE (Line Drive, 89S, EV 95.6 MPH)
Kevin Wyche to third
Runner from 3rd tries for Home, throw by CF and OUT! 8-2
Bottom of the 7th over - 0 runs, 2 hits, 0 errors, 1 left on base; Billings 10 - Helena 2
TOP OF THE 8TH
Billings Mustangs batting - Pitching for Helena Brewers : RHP Yeong-sam Pio
Batting: LHB Jason Fuchs 0-0: Foul Ball, location: 2F
0-1: Swinging Strike
0-2: Ball
1-2: Fly out, F4 (Popup, 4MD, EV 48.8 MPH)
Batting: RHB Bastiaan Clark 0-0: Ball
1-0: Ball
2-0: Ball
3-0: Base on Balls
Batting: LHB Johan de Vries 0-0: Called Strike
0-1: Ball
Passed Ball!
Bastiaan Clark to second
1-1: Ball
2-1: Foul Ball, location: 2F
2-2: SINGLE (Groundball, 34D, EV 97.5 MPH)
Bastiaan Clark to third
Runner from 3rd tries for Home, throw by RF and OUT! 9-2
Batting: RHB Brent Moody 0-0: Foul Ball, location: 2F
0-1: DOUBLE (Line Drive, 89M, EV 94.4 MPH)
Johan de Vries to third
Runner from 3rd tries for Home, SAFE, throw by RF to trailing runner, SAFE at third!
Batting: RHB Sal Chavira 0-0: Fly out, F8 (Flyball, 8RD, EV 98.8 MPH)
Top of the 8th over - 1 run, 2 hits, 0 errors, 1 left on base; Billings 11 - Helena 2
BOTTOM OF THE 8TH
Helena Brewers batting - Pitching for Billings Mustangs : RHP Fidde van Vlaanderen
Batting: RHB Ricky Wiernik 0-0: Called Strike
0-1: Ground out 5-3 (Groundball, 56S, EV 68.8 MPH)
Batting: RHB Jorge Nunez 0-0: Ball
1-0: Ball
2-0: Ball
3-0: Called Strike
3-1: Base on Balls
Batting: SHB Martin Madsen 0-0: Called Strike
0-1: Ball
1-1: Foul Ball, location: 2F
1-2: Ball
2-2: Fielders Choice at 2nd, 6-4 (Groundball, 56, EV 106.3 MPH)
Batting: RHB John O'Hearn 0-0: Foul Ball, location: 2F
0-1: Swinging Strike
0-2: Ball
1-2: Strikes out looking
Bottom of the 8th over - 0 runs, 0 hits, 0 errors, 1 left on base; Billings 11 - Helena 2
TOP OF THE 9TH
Billings Mustangs batting - Pitching for Helena Brewers : RHP Yeong-sam Pio
Batting: LHB Luis Pena 0-0: Swinging Strike
0-1: Ball
1-1: Ground out 4-3 (Groundball, 4, EV 86.3 MPH)
Pitching: LHP Miguel Gonzalez
Batting: RHB Mark MacLeod 0-0: Ball
1-0: Ball
2-0: Fly out, F3 (Line Drive, 3, EV 73.1 MPH)
Batting: RHB Jorge Olmos 0-0: Swinging Strike
0-1: Ground out 6-3 (Groundball, 6, EV 83.8 MPH)
Top of the 9th over - 0 runs, 0 hits, 0 errors, 0 left on base; Billings 11 - Helena 2
BOTTOM OF THE 9TH
Helena Brewers batting - Pitching for Billings Mustangs : RHP Fidde van Vlaanderen
Batting: LHB Tony Howard 0-0: Ball
1-0: Foul Ball, location: 2F
1-1: Foul Ball, location: 2F
1-2: Strikes out swinging
Batting: RHB Juan Alvarez 0-0: SINGLE (Groundball, 3D, EV 100.6 MPH)
Pinch Hitting: LHB Marshall Licata 0-0: Ball
1-0: Fielders Choice at 2nd, 6-4 (Groundball, 6M, EV 103.8 MPH)
Batting: RHB Kevin Wyche 0-0: Foul Ball, location: 2F
0-1: Foul Ball, location: 2F
0-2: Foul Ball, location: 2F
0-2: Ball
1-2: Ball
2-2: Ball
3-2: Foul Ball, location: 2F
3-2: Foul Ball, location: 2F
3-2: Fly out, F8 (Flyball, 8RM, EV 81.3 MPH)
Bottom of the 9th over - 0 runs, 1 hit, 0 errors, 1 left on base; Billings 11 - Helena 2
Thursday, March 31st , 2022 - OOTP Baseball 22.12 Build 89